 Dungeon Crawl Stone Soup version 0.31-a0-1388-g4b2ba238e7 (webtiles) character file.

Game seed: 13694531594377778157

7 drugrobin the Sneak (level 1, -1/18 HPs)
             Began as a Demigod Delver on Dec 25, 2023.
             Slain by a water moccasin zombie (3 damage)
             ... in an ossuary.
             The game lasted 00:01:37 (242 turns).

drugrobin the Sneak (Demigod Delver)                 Turns: 242, Time: 00:01:38

Health: -1/18      AC:  3    Str: 13    XL:     1   Next: 66%
Magic:  3/3        EV: 11    Int: 12    God:
Gold:   26         SH:  0    Dex: 15    Spells: 0/0 levels left

rFire   . . .        a - +0 mace
rCold   . . .        (no shield)
rNeg    . . .        b - +0 leather armour
rPois   .            (no helmet)
rElec   .            (no cloak)
rCorr   .            (no gloves)
SInv    .            (no boots)
Will    .....        (no amulet)
Stlth   +++          (no ring)
HPRegen 0.23/turn    (no ring)
MPRegen 0.08/turn

%: no passive effects
@: no status effects
A: high MP 1, forlorn, divine attributes
a: no special abilities


You were in an ossuary.
You visited 1 branch of the dungeon, and saw 2 of its levels.
You also visited: Ossuary.

You collected 26 gold pieces.

Inventory:

Hand Weapons
 a - a +0 mace (weapon)
Armour
 b - a +0 leather armour (worn)
Wands
 d - a wand of acid (1)
 g - a wand of digging (3)
Scrolls
 c - a scroll of fog
 e - 2 scrolls of fear
Potions
 f - a potion of haste
 h - a potion of might {unknown}


   Skills:
 - Level 2.6 Fighting
 + Level 2.4 Maces & Flails
 - Level 1.7 Dodging
 - Level 4.5 Stealth


You couldn't memorise any spells.
You didn't know any spells.
Your spell library was empty.

Dungeon Overview and Level Annotations

Branches:
Dungeon (5/15)             Temple (0/1) D:5         Ossuary (1/1)

Annotations:
D:5 exclusions: hound and iguana


Innate Abilities, Weirdness & Mutations

You have an increased reservoir of magic. (+10% MP)
You shall have no god before yourself.
Your divine heritage dramatically boosts your attributes as you level up.


Message History

The jackal zombie misses you.
The jackal zombie completely misses you.
You sock the jackal zombie!
You destroy the jackal zombie!
You barely miss the water moccasin zombie.
The water moccasin zombie bites you. The water moccasin zombie misses you.
Aiming: Corrosive Bolt
Press: ? - help, Shift-Dir - straight line, f - water moccasin zombie
Aim: a water moccasin zombie (71% to hit)
The bolt of acid hits the water moccasin zombie!!
The acid corrodes the water moccasin zombie!
The water moccasin zombie is heavily damaged.
The water moccasin zombie bites you.
* * * LOW HITPOINT WARNING * * *
Unknown command.
Unknown command.
Unknown command.
Aiming: Corrosive Bolt
Press: ? - help, Shift-Dir - straight line, f/p - water moccasin zombie
Aim: a water moccasin zombie (heavily damaged, covered in acid, 71% to hit)
The bolt of acid hits the water moccasin zombie!
The water moccasin zombie is severely damaged.
The water moccasin zombie bites you but does no damage.
Unknown command.
Unknown command.
Unknown command.
You barely miss the water moccasin zombie.
The water moccasin zombie is severely damaged.
The water moccasin zombie barely misses you. x2
Unknown command.
Unknown command.
You closely miss the water moccasin zombie.
The water moccasin zombie is severely damaged.
The water moccasin zombie closely misses you.
Unknown command.
Unknown command.
You hit the water moccasin zombie but do no damage.
The water moccasin zombie is severely damaged.
The water moccasin zombie bites you.
You die...

#+### #...#
#Z..# #...#
#...# ##Z##
#ZZ.# ###
#####...#
#!!!!#..@#...#
+!?$?#.∩.Z...#
#?!!?#...#..∩#
#### #########


You could see a water moccasin zombie (corroded).

Vanquished Creatures
  2 gnoll zombies (Ossuary)
  A goblin zombie (D:5)
  5 jackal zombies (Ossuary)
  An orc zombie (Ossuary)
  A quokka zombie (D:5)
10 creatures vanquished.

Notes
Turn   | Place    | Note
-------+----------+-------------------------------------------
     0 | D:5      | drugrobin the Demigod Delver began the quest for the Orb.
     0 | D:5      | Reached XP level 1. HP: 18/18 MP: 3/3
     0 | D:5      | Noticed an iguana
    11 | D:5      | Found a staircase to the Ecumenical Temple.
    99 | D:4      | Noticed a scorpion
   111 | D:5      | Noticed a hound
   151 | D:5      | Found a sand-covered staircase.
   177 | Ossuary  | Entered an ossuary
   196 | Ossuary  | Noticed a water moccasin zombie
   242 | Ossuary  | Slain by a water moccasin zombie

Illustrated notes

Levels and vault maps discovered:
D:4:      layout_cave_pods, gup_sewer_entry_pipe
D:5:      layout_rooms, minmay_temple_entry_junction, enter_ossuary_4,
          chequers_garden, grunt_decor_clamped, grunt_ministairs_1
Ossuary:  ossuary_tomb_2

Skill      XL: |  1 |
---------------+----+-----
Maces & Flails | 2 |  2.4
Fighting       | |  2.6
Dodging        | |  1.7
Stealth        | |  4.5

Action                     || total
---------------------------++-------
  Melee: Mace              ||    52
  Evoke: Wand              ||     2
    Use: Scroll            ||     1
   Stab: Sleeping          ||     1
 Armour: Leather armour    ||    27
  Dodge: Dodged            ||    40

Table legend: (Time is in decaauts)
 A = Elapsed time spent in this place.
 B = Non-inter-level travel time spent in this place.
 C = Inter-level travel time spent in this place.
 D = Time resting spent in this place.
 E = Time spent auto-exploring this place.
 F = Levels seen in this place.
 G = Mean time per level.
                   A        B        C        D        E       F      G
               +--------+--------+--------+--------+--------+-----+--------+
         Total |    257 |    257 |      0 |      0 |     35 |   3 |   85.7 |
       Dungeon |    180 |    180 |      0 |      0 |     35 |   2 |   90.0 |
       Ossuary |     76 |     76 |      0 |      0 |      0 |   1 |   76.0 |
               +--------+--------+--------+--------+--------+-----+--------+

Top non-repeatable levels by time:
     D:5: 179 daAuts
 Ossuary: 76 daAuts
     D:4: 1 daAuts
